 Dungeon Crawl Stone Soup version 0.29-a0-414-g5075937ec3 (webtiles) character file.

Game seed: 14814759368188500658

4283 ytrimaz the Martial Artist (level 10, -4/66 HPs)
             Began as an Octopode Transmuter on May 15, 2022.
             Was a Believer of Ashenzari.
             Slain by a two-headed ogre
             ... wielding a +0 giant spiked club
              (20 damage)
             ... on level 8 of the Dungeon.
             The game lasted 00:14:24 (12260 turns).

ytrimaz the Martial Artist (Octopode Transmuter)   Turns: 12260, Time: 00:14:25

Health: -4/66      AC:  1    Str: 10    XL:     10   Next: 32%
Magic:  18/18      EV: 14    Int: 19    God:    Ashenzari [**....]
Gold:   354        SH:  0    Dex: 19    Spells: 10/20 levels left

rFire   + . .      SeeInvis +     - Unarmed
rCold   + . .      Faith    .   (no shield)
rNeg    + . .      Spirit   .   (helmet restricted)
rPois   .          Reflect  .   s - amulet of the Lashed Mistrust {RegenMP, Bglg, Alch} (curse)
rElec   .          Harm     .   o - ring "Gnostic Burden" {rC+, Cun, Bglg} (curse)
rCorr   .          Rampage  .   r - ring of flight
Will    .....                   p - +6 ring of dexterity
Stlth   +++.......              g - ring of Ashenzari's Moon {rF+, Melee, Fort} (curse)
HPRegen 0.21/turn               v - ring "Astrological Cynicism" {Wiz, Comp, Elem} (curse)
MPRegen 0.56/turn               B - ring of positive energy
                                (no ring)
                                (no ring)

@: flying
A: almost no armour, amphibious, 8 rings, camouflage 1, gelatinous body 1,
(nimble swimmer 1), tentacles
a: Renounce Religion, Shatter the Chains


You were on level 8 of the Dungeon.
You worshipped Ashenzari.
Ashenzari was pleased with you.
You visited 2 branches of the dungeon, and saw 9 of its levels.
You also visited: Ossuary.

You collected 354 gold pieces.

Inventory:

Missiles
 y - a throwing net
Jewellery
 b - a ring of ice
 g - the cursed ring of Ashenzari's Moon (on tentacle) {rF+, Melee, Fort}
   (You took it off an orc on level 4 of the Dungeon)

   [ring of protection from fire]

   rF:        It protects you from fire.
   It has a curse which improves the following skills: Melee Combat: Short
   Blades, Long Blades, Axes, Maces & Flails, Polearms, Staves and Unarmed
   Combat.
   Fortitude: Shields.
 o - the cursed ring "Gnostic Burden" (left tentacle) {rC+, Cun, Bglg}
   (You found it on level 3 of the Dungeon)

   [ring of protection from cold]

   rC:        It protects you from cold.
   It has a curse which improves the following skills: Cunning: Dodging and
   Stealth.
   Beguiling: Conjurations, Hexes and Translocations.
 p - a +6 ring of dexterity (on tentacle)
 r - a ring of flight (right tentacle)
 s - the cursed amulet of the Lashed Mistrust (around mantle) {RegenMP, Bglg, Alch}
   (You found it on level 8 of the Dungeon)

   [amulet of magic regeneration]

   It increases your rate of magic regeneration.
   It has a curse which improves the following skills: Beguiling: Conjurations,
   Hexes and Translocations.
   Alchemy:   Poison Magic and Transmutations.
 v - the cursed ring "Astrological Cynicism" (on tentacle) {Wiz, Comp, Elem}
   (You found it on level 5 of the Dungeon)

   [ring of wizardry]

   It improves your spell success rate.
   It has a curse which improves the following skills: Companions: Summonings
   and Necromancy.
   Elements:  Fire Magic, Ice Magic, Air Magic and Earth Magic.
 B - a ring of positive energy (on tentacle)
Wands
 e - a wand of flame (34)
 x - a wand of polymorph (7)
 z - a wand of mindburst (8) (quivered)
 A - a wand of iceblast (10)
Scrolls
 a - 5 scrolls of poison
 f - a scroll of noise
 h - a scroll of vulnerability
 i - 3 scrolls of fear
 m - 7 scrolls of immolation
 t - 7 scrolls of teleportation
 w - 2 scrolls of amnesia
Potions
 d - 3 potions of curing
 j - 3 potions of flight
 k - a potion of invisibility
 l - 2 potions of lignification
 n - 3 potions of attraction
 q - a potion of berserk rage
 u - 3 potions of ambrosia


   Skills:
 * Level 5.3 Fighting
 - Level 2.0(3.0) Dodging
 * Level 11.3(12.5) Unarmed Combat
 + Level 5.5 Spellcasting
 + Level 5.3(6.5) Transmutations
 - Level 4.0(5.1) Poison Magic


You had 10 spell levels left.
You knew the following spells:

 Your Spells              Type           Power      Damage    Failure   Level
a - Beastly Appendage     Tmut           60%        N/A       1%          1
b - Wereblood             Tmut           30%        N/A       1%          2
c - Spider Form           Tmut/Pois      27%        N/A       1%          3
d - Ice Form              Ice/Tmut       17%        N/A       12%         4

Your spell library contained the following spells:

 Spells                   Type           Power      Damage    Failure   Level
 Passwall                 Tmut/Erth      14%        N/A       1%          2
 Freeze                   Ice            20%        1d4       4%          1
 Sandblast                Erth           10%        2d5       4%          1
 Blink                    Tloc           12%        N/A       6%          2
 Scorch                   Fire           10%        2d5       7%          2
 Frozen Ramparts          Ice            10%        1d3       13%         3
 Lesser Beckoning         Tloc           6%         N/A       13%         3
 Stone Arrow              Conj/Erth      12%        3d7       13%         3
 Tukima's Dance           Hex            6%         N/A       13%         3
 Anguish                  Hex/Necr       3%         N/A       38%         4
 Animate Dead             Necr           2%         N/A       38%         4
 Flame Wave               Conj/Fire      6%         2d5       38%         4
 Hailstorm                Conj/Ice       6%         3d4       38%         4
 Iskenderun's Battlesphe  Conj           6%         2d6       71%         5
 Manifold Assault         Tloc           6%         N/A       71%         5
 Iron Shot                Conj/Erth      3%         9d2       99%         6
 Summon Cactus Giant      Summ           2%         N/A       99%         6
 Enfeeble                 Hex            3%         N/A       100%        7
 Haunt                    Necr/Summ      2%         N/A       100%        7
 Spellforged Servitor     Conj/Summ      3%         N/A       100%        7
 Infestation              Necr           2%         N/A       100%        8


Dungeon Overview and Level Annotations

Branches:
Dungeon (8/15)             Temple (1/1) D:4         Ossuary (visited)
   Lair: D:8-11

Altars:
Ashenzari
Cheibriados
Dithmenos
Elyvilon
Fedhas
Gozag
Hepliaklqana
Kikubaaqudgha
Makhleb
Nemelex Xobeh
Okawaru
Qazlal
Ru
Sif Muna
Trog
Vehumet
Wu Jian
Xom
Yredelemnul
Zin
The Shining One

Shops:
D:4 [

Annotations:
D:5 1 runed translucent door, exclusion: door, Crazy Yiuf
D:6 exclusion: 5 wights


Innate Abilities, Weirdness & Mutations

You cannot wear most types of armour.
You are amphibious.
You can wear up to eight rings at the same time.
Your skin changes colour to match your surroundings (Stealth+).
Your rubbery body absorbs attacks. (AC +1, EV +1)
((You are camouflaged when in or above water. (Stealth+)))
You have tentacles for arms and can constrict up to eight enemies at once.


Message History

B - a ring of positive energy Your tentacle spike disappears.
You sense a monster nearby.
You sense a monster nearby.
B - a ring of positive energy (on tentacle)
The two-headed ogre hits you with a +0 giant spiked club!!
The two-headed ogre closely misses you.
You hear a bellow!
You start resting.
A two-headed ogre is nearby!
Press: ? - help, v - describe, . - travel
Here: a two-headed ogre, wielding a +0 giant spiked club and a +0 giant club The floor.
Aiming: Mindburst
Press: ? - help, Q - select action, (/) - cycle Shift-Dir - straight line, f - two-headed ogre
Aim: a two-headed ogre, wielding a +0 giant spiked club and a +0 giant club (chance to affect: 47%)
The two-headed ogre's minds are blasted!
Aiming: Mindburst
Press: ? - help, Q - select action, (/) - cycle Shift-Dir - straight line, f/p - two-headed ogre
Aim: a two-headed ogre, wielding a +0 giant spiked club and a +0 giant club (moderately wounded, chance to affect: 47%)
The two-headed ogre's minds are blasted!!
Unknown command.
Aiming: Mindburst
Press: ? - help, Q - select action, (/) - cycle Shift-Dir - straight line, f/p - two-headed ogre
Aim: a two-headed ogre, wielding a +0 giant spiked club and a +0 giant club (severely wounded, chance to affect: 47%)
The two-headed ogre's minds are blasted!!
Unknown command.
Aiming: Mindburst
Press: ? - help, Q - select action, (/) - cycle Shift-Dir - straight line, f/p - two-headed ogre
Aim: a two-headed ogre, wielding a +0 giant spiked club and a +0 giant club (almost dead, chance to affect: 47%)
The two-headed ogre resists with some effort.
The two-headed ogre attacks as you move away!
The two-headed ogre hits you with a +0 giant spiked club!!
* * * LOW HITPOINT WARNING * * *
The two-headed ogre hits you with a +0 giant club!
* * * LOW HITPOINT WARNING * * *
Okay, then.
You feel much better.
The two-headed ogre hits you with a +0 giant spiked club!!
You die...

#....#.# , #... #.
#.##...# #.... #.
######..'...#
+....##)
#.......#...#,_,
+......)
#......)#...#
,+.####..
#.......#...# , *
#.. #.......#...#
,,, ##.
#.......#O..########
#.
#.......#@.........#
#.
#..................#
#.
######.............#
#. #.............#
#. #.....#########
#. #.....# ##
#.....# #.....#
#.....#


You could see a two-headed ogre.

Vanquished Creatures
  A manticore (D:8)
  A yak (D:8)
  A wyvern (D:8)
  An acid dragon (D:8)
  3 water moccasins
  3 ice beasts
  An orc warrior (D:7)
  A black bear (D:7)
  2 ogres
  5 centaurs
  A phantom (D:7)
  Blork the orc (D:5)
  2 necrophages
  2 bullfrogs (D:8)
  A gnoll sergeant (D:6)
  A scorpion (D:6)
  A wyvern zombie (D:8)
  5 wights
  A killer bee (D:8)
  A centaur zombie (D:8)
  6 hounds
  A jelly (D:8)
  2 orc priests
  2 gnoll shamans (D:8)
  7 iguanas
  5 orc wizards
  A killer bee zombie (D:8)
  11 mummies (Ossuary)
  A howler monkey zombie (D:8)
  23 gnolls
  6 adders
  3 shadow imps
  3 worms
  2 dart slugs
  17 orcs
  9 endoplasms
  4 giant cockroaches
  8 goblins
  8 hobgoblins
  2 jackals (D:3)
  7 quokkas
  8 ball pythons
  3 bats
  2 frilled lizards
  A gnoll skeleton (Ossuary)
  3 goblin skeletons (Ossuary)
  A goblin zombie (D:6)
  13 kobolds
  2 kobold skeletons (Ossuary)
  2 orc skeletons (Ossuary)
  6 rats
  11 rat skeletons (Ossuary)
  A rat zombie (D:6)
216 creatures vanquished.

Notes
Turn   | Place    | Note
-------+----------+-------------------------------------------
     0 | D:1      | ytrimaz the Octopode Transmuter began the quest for the
                  | Orb.
     0 | D:1      | Reached XP level 1. HP: 13/13 MP: 3/3
   468 | D:1      | Reached XP level 2. HP: 7/18 MP: 5/5
  1161 | D:1      | Reached XP level 3. HP: 18/23 MP: 3/6
  1699 | D:1      | Learned a level 2 spell: Wereblood
  1760 | D:2      | Found a faded altar of an unknown god.
  1781 | D:2      | Reached skill level 4 in Unarmed Combat
  2098 | D:2      | Reached XP level 4. HP: 16/28 MP: 5/7
  2351 | D:2      | Found a white marble altar of Elyvilon.
  2481 | D:2      | Identified the +10 whip of Tomorrow {vorpal, rF+ Dex+2}
  3553 | D:3      | Reached XP level 5. HP: 22/34 MP: 8/8
  4360 | D:4      | Found Kodur's Armour Boutique.
  4456 | D:4      | Found a staircase to the Ecumenical Temple.
  4464 | D:4      | Reached skill level 5 in Unarmed Combat
  4464 | D:4      | Reached XP level 6. HP: 7/38 MP: 8/10
  4474 | Temple   | Entered the Ecumenical Temple
  4726 | Temple   | Became a worshipper of Ashenzari the Shackled
  4988 | D:4      | Learned a level 3 spell: Spider Form
  5175 | D:4      | Reached skill level 1 in Poison Magic
  6106 | D:4      | Learned a level 4 spell: Ice Form
  6166 | D:5      | Entered Level 5 of the Dungeon
  6169 | D:5      | Found a sacrificial altar of Ru.
  6321 | D:5      | Noticed Blork the orc
  6336 | D:5      | Killed Blork the orc
  6337 | D:5      | Reached XP level 7. HP: 22/45 MP: 5/12
  6586 | D:5      | Reached skill level 6 in Unarmed Combat
  6916 | D:5      | Found a burning altar of Makhleb.
  6918 | D:5      | Noticed a green death
  6920 | D:5      | Found a glowing silver altar of Zin.
  6921 | D:5      | Noticed an angel
  7233 | D:5      | Found a runed translucent door.
  7234 | D:5      | Noticed Crazy Yiuf
  7339 | D:5      | Reached XP level 8. HP: 22/52 MP: 13/13
  7912 | D:6      | Reached skill level 7 in Unarmed Combat
  7916 | D:6      | Found a sand-covered staircase.
  7929 | D:6      | Reached * piety under Ashenzari
  7932 | Ossuary  | Entered an ossuary
  8899 | D:6      | Reached skill level 8 in Unarmed Combat
  9534 | D:6      | Reached XP level 9. HP: 58/58 MP: 9/15
  9692 | D:6      | Found a white marble altar of Elyvilon.
 10576 | D:7      | Reached skill level 9 in Unarmed Combat
 11174 | D:8      | Noticed a manticore
 11205 | D:8      | Reached skill level 5 in Spellcasting
 11210 | D:8      | Killed a manticore
 11211 | D:8      | Reached skill level 10 in Unarmed Combat
 11211 | D:8      | Reached skill level 5 in Transmutations
 11221 | D:8      | Reached XP level 10. HP: 45/65 MP: 13/17
 11227 | D:8      | Reached skill level 5 in Fighting
 11239 | D:8      | Reached skill level 11 in Unarmed Combat
 11529 | D:8      | Found an iron altar of Okawaru.
 11615 | D:8      | Found an ornate altar of the Wu Jian Council.
 11906 | D:8      | Noticed a two-headed ogre
 12189 | D:8      | Reached ** piety under Ashenzari
 12258 | D:8      | HP: 1/66 [two-headed ogre/+0 giant spiked club (13)]
 12260 | D:8      | Slain by a two-headed ogre

Illustrated notes

Levels and vault maps discovered:
D:1:      ncdulo_halloftheorcs, layout_loops_ring, minivault_4,
          kennysheep_decorative_pillar
D:2:      layout_loops_ring, ebering_ecumenical_altar_mist, basic_altar,
          minmay_domino_2
D:3:      layout_basic, minmay_misc_feat_plants
D:4:      layout_basic, minmay_temple_entry_tees, serial_shops,
          nicolae_shop_waterfront, glass_columns_a, minmay_pentangle
D:5:      layout_rooms, grunt_temple_overflow_order_and_chaos_2,
          overflow_temple_1_default, nicolae_underground_beach,
          uniq_crazy_yiuf_cottage, uniq_blork_the_orc
D:6:      layout_loops_ring, nicolae_elyvilon_peaceful_grove, enter_ossuary_4
D:7:      layout_gridville
D:8:      layout_basic, mainiacjoe_overflow_alcove_4,
          mainiacjoe_overflow_large_starburst, serial_undead, serial_undead_c,
          serial_undead_f, serial_undead_d, serial_undead_d,
          kennysheep_kite_vault
Temple:   minmay_freezing_vapour_temple

Skill      XL: |  1  2  3  4  5  6  7  8  9 10 |
---------------+-------------------------------+-----
Unarmed Combat | 4 5 6 8 10 11 | 11.3
Fighting       | 2 3 4 5 |  5.3
Transmutations | 3 4 5 |  5.3
Spellcasting   | 3 4 5 |  5.5
Poison Magic   | 1 2 3 4 |  4.0
Dodging        | |  2.0

Action                   |  1- 3 |  4- 6 |  7- 9 | 10-12 || total
-------------------------+-------+-------+-------+-------++-------
Melee: Unarmed           |    88 |   149 |   262 |    42 ||   541
       Constrict         |    24 |    35 |     4 |     1 ||    64
       Tentacles         |    19 |    32 |     1 |     1 ||    53
       Kick              |    11 |    44 |     1 |     1 ||    57
       Punch             |     1 |     4 |     3 |       ||     8
 Cast: Beastly Appendage |    22 |    29 |     3 |     1 ||    55
       Wereblood         |     1 |     4 |     6 |     3 ||    14
       Spider Form       |       |     2 |    10 |       ||    12
       Ice Form          |       |       |    21 |     4 ||    25
Invok: Curse Item        |       |     1 |     2 |     1 ||     4
Evoke: Wand              |       |     4 |       |     9 ||    13
  Use: Scroll            |       |     9 |     2 |       ||    11
       Potion            |       |     2 |     5 |     1 ||     8
 Stab: Sleeping          |     3 |     7 |     1 |       ||    11
Armor: Skin              |     5 |    28 |    45 |     8 ||    86
Dodge: Dodged            |    60 |    88 |   183 |    25 ||   356

Table legend: (Time is in decaauts)
 A = Elapsed time spent in this place.
 B = Non-inter-level travel time spent in this place.
 C = Inter-level travel time spent in this place.
 D = Time resting spent in this place.
 E = Time spent auto-exploring this place.
 F = Levels seen in this place.
 G = Mean time per level.
                   A        B        C        D        E       F      G
               +--------+--------+--------+--------+--------+-----+--------+
         Total |  12168 |  11862 |    306 |   1995 |   7972 |  10 | 1216.8 |
       Dungeon |  11315 |  11009 |    306 |   1533 |   7847 |   8 | 1414.4 |
        Temple |    260 |    260 |      0 |    233 |      0 |   1 |  260.0 |
       Ossuary |    592 |    592 |      0 |    229 |    125 |   1 |  592.0 |
               +--------+--------+--------+--------+--------+-----+--------+

Top non-repeatable levels by time:
     D:1: 1755 daAuts
     D:5: 1720 daAuts
     D:6: 1566 daAuts
     D:3: 1512 daAuts
     D:4: 1438 daAuts
     D:2: 1178 daAuts
     D:8: 1073 daAuts
     D:7: 1068 daAuts
 Ossuary: 592 daAuts
  Temple: 260 daAuts
